 Dungeon Crawl Stone Soup version 0.29-a0-19-gef7f3e67aa (console) character file.

Game seed: 2235918174100545740

4236 Cab the Cleaver (level 10, -22/70 HPs)
             Began as a Demonspawn Fighter on Jan 29, 2022.
             Annihilated by an orc knight (34 damage)
             ... in a bailey.
             The game lasted 00:19:21 (5730 turns).

Cab the Cleaver (Demonspawn Fighter)                Turns: 5730, Time: 00:19:21

Health: -22/70     AC: 22    Str: 22    XL:     10   Next: 9%
Magic:  10/10      EV:  5    Int:  9    God:
Gold:   325        SH:  4    Dex: 12    Spells: 9/9 levels left

rFire   . . .      SeeInvis .   h - +1 war axe (vamp)
rCold   + . .      Faith    .   c - +0 buckler
rNeg    . . .      Spirit   .   v - +0 plate armour
rPois   .          Reflect  .   (helmet restricted)
rElec   .          Harm     .   f - +1 cloak
rCorr   .          Rampage  .   t - +2 pair of gloves
Will    .....                   i - +1 pair of boots
Stlth   ..........              (no amulet)
HPRegen 0.21/turn               r - ring of protection from cold
MPRegen 0.12/turn               k - +4 ring of protection

@: mighty, hasted, very quick
A: horns 2, foul stench 1, spiny 1
a: no special abilities


You were in a bailey.
You visited 2 branches of the dungeon, and saw 8 of its levels.
You also visited: Bailey.

You collected 325 gold pieces.

Inventory:

Hand Weapons
 h - a +1 vampiric war axe (weapon)
Armour
 c - a +0 buckler (worn)
 f - a +1 cloak (worn)
 i - a +1 pair of boots (worn)
 t - a +2 pair of gloves (worn)
 v - a +0 plate armour (worn)
Jewellery
 a - an amulet of regeneration
 j - a +6 ring of dexterity
 k - a +4 ring of protection (right hand)
 r - a ring of protection from cold (left hand)
Wands
 x - a wand of flame (10)
Scrolls
 g - a scroll of fear {unknown}
 l - 2 scrolls of magic mapping {unknown}
 n - 3 scrolls of brand weapon
 u - 3 scrolls of enchant weapon {unknown}
 w - a scroll of teleportation
Potions
 b - 2 potions of brilliance
 e - 2 potions of cancellation
 m - 2 potions of magic {unknown}
 o - a potion of resistance {unknown}
 q - a potion of ambrosia


   Skills:
 - Level 3.0 Fighting
 + Level 13.4 Axes
 - Level 2.6 Armour
 - Level 2.6 Shields
 + Level 1.1 Evocations


You had 9 spell levels left.
You didn't know any spells.
Your spell library contained the following spells:

 Spells                   Type           Power      Damage    Failure   Level
 Conjure Flame            Conj/Fire      0%         6-21      100%        3
 Ignite Poison            Fire/Tmut/Pois 0%         N/A       100%        3
 Passage of Golubria      Tloc           0%         N/A       100%        4
 Sticky Flame             Conj/Fire      0%         2d3       100%        4
 Silence                  Hex/Air        0%         N/A       100%        5
 Lehudib's Crystal Spear  Conj/Erth      0%         10d2      100%        8


Dungeon Overview and Level Annotations

Branches:
Dungeon (7/15)             Temple (1/1) D:4          Bailey (1/1)

Altars:
Ashenzari
Dithmenos
Elyvilon
Fedhas
Gozag
Kikubaaqudgha
Makhleb
Nemelex Xobeh
Okawaru
Qazlal
Ru
Sif Muna
Trog
Uskayaw
Wu Jian
Xom
Yredelemnul
Zin
The Shining One


Innate Abilities, Weirdness & Mutations

You have a pair of horns on your head.
You may rarely emit foul miasma when damaged in melee.
You are partially covered in sharp spines.


Message History

Press: ? - help, v - describe, . - travel
Here: an orc knight, wielding a +0 war axe and wearing a +0 ring mail (moderately wounded, strong)
The floor.
You slash the orc warrior!
You feel better.
The orc warrior is severely wounded.
You closely miss the orc warrior.
The orc warrior is severely wounded.
The gnoll shouts!
The orc warrior hits you with a +0 war axe!
* * * LOW HITPOINT WARNING * * *
You slash the orc warrior!
You feel better.
You kill the orc warrior!
Press: ? - help, v - describe, . - travel, g - get item
Here: a goblin, wielding a +0 hand axe and wearing a +0 leather armour
Items here: ))) [[[.
An open door, spattered with blood.
You completely miss the goblin. You headbutt the goblin.
You kill the goblin!
You hit the orc knight. Your headbutt misses the orc knight.
The orc knight is heavily wounded.
The orc no longer looks unusually strong.
You block the orc knight's attack.
You completely miss the orc knight.
The orc knight is heavily wounded.
You slash the orc knight!
You feel better.
The orc knight is severely wounded.
The orc knight hits you with a +0 war axe!
* * * LOW HITPOINT WARNING * * *
You barely miss the orc knight.
The orc knight is severely wounded.
You hit the orc knight.
You feel better.
The orc knight is severely wounded.
The orc knight roars a battlecry!
The orc goes into a battle-frenzy!
You slash the orc knight!
The orc knight is almost dead.
You barely miss the orc knight.
The orc knight is almost dead.
The orc knight hits you with a +0 war axe!!
You die...

▒∙∙∙∙∙∙∙∙∙∙∙▒∙∙∙∙∙∙∙)∙
▒∙∙∙∙∙∙∙∙∙∙∙▒∙∙∙∙∙∙)∙∙
▒▒▒∙∙∙∙∙∙∙∙∙▒▒▒∙∙∙∙∙))∙
▒▒▒∙▒'▒∙∙∙∙∙▒▒▒∙▒▒▒∙∙∙∙∙▒
▒▒▒∙∙∙))▒▒▒∙▒▒▒∙∙∙∙
▒▒▒∙▒▒▒
▒▒∙∙∙∙∙∙∙∙∙▒▒▒∙∙∙∙∙∙
▒▒▒∙∙
▒∙∙∙∙∙∙∙∙∙∙8▒▒∙∙∙∙∙∙ ▒∙∙∙
▒∙∙∙∙∙∙∙∙∙∙8▒o∙∙∙∙∙∙ ▒∙∙∙
▒∩∙∙∙∙⌠∙∙∙∙@ogg∙∙∙∙∙ ▒∙∙∙
▒∙∙∙∙∙∙∙∙∙∙8▒g∙∙∙∙∙∙ ▒∙∙∙
▒∙∙∙∙∙∙∙∙∙∙8▒▒∙∙∙∙∙∙ ▒∙∙∙
▒▒∙∙∙∙∙∙∙∙∙▒▒▒∙∙∙∙∙∙
▒▒▒∙∙ ▒▒▒∙∙∙∙∙▒▒▒∙▒▒▒∙∙∙∙
▒▒▒∙▒▒▒
▒▒▒∙▒'▒∙∙∙∙∙▒▒▒∙▒▒▒∙∙∙∙∙▒
▒▒▒))∙∙∙∙∙∙∙▒▒▒∙∙∙∙∙∙∙∙
▒∙∙∙∙∙∙∙∙∙∙∙▒∙∙∙∙∙∙∙∙∙
▒∙∙∙∙∙∙∙∙∙∙∙▒∙∙∙∙∙∙∙∙∙


You could see an orc knight (strong), 2 gnolls, an orc (strong) and a hobgoblin.

Vanquished Creatures
  An orc warlord (Bailey)
  Sigmund (D:2)
  A water moccasin (D:7)
  14 orc warriors
  Duvessa (D:6)
  A black bear (D:4)
  3 necrophages (D:6)
  3 ogres
  A centaur (D:4)
  2 phantoms
  A bullfrog (D:6)
  2 scorpions
  Dowan (D:6)
  A water moccasin skeleton (D:5)
  2 bullfrog zombies (D:6)
  A centaur skeleton (D:6)
  A hound (D:5)
  2 orc priests (D:7)
  A bullfrog skeleton (D:4)
  Jessica (D:2)
  2 orc wizards (D:6)
  A hound skeleton (D:4)
  A hound zombie (D:3)
  8 gnolls
  A howler monkey skeleton (D:7)
  6 adders
  A white imp (D:5)
  An adder zombie (D:3)
  3 worms
  2 dart slugs
  28 orcs
  7 ball pythons
  A bat (D:1)
  6 endoplasms
  2 giant cockroaches
  15 goblins
  14 hobgoblins
  11 jackals
  4 quokkas
  A ball python zombie (D:3)
  6 frilled lizards
  5 kobolds
  A quokka skeleton (D:4)
  3 rats
171 creatures vanquished.

Vanquished Creatures (others)
  5 plants (D:6)
5 creatures vanquished.

Grand Total: 176 creatures vanquished

Notes
Turn   | Place    | Note
-------+----------+-------------------------------------------
     0 | D:1      | Cab the Demonspawn Fighter began the quest for the Orb.
     0 | D:1      | Reached XP level 1. HP: 18/18 MP: 1/1
   182 | D:1      | Reached skill level 2 in Axes
   256 | D:1      | Gained mutation: You may rarely emit foul miasma when
                  | damaged in melee. [demonic ancestry]
   256 | D:1      | Reached XP level 2. HP: 24/24 MP: 2/2
   501 | D:1      | Reached skill level 3 in Axes
   511 | D:1      | Reached XP level 3. HP: 12/29 MP: 3/3
   958 | D:2      | Found a faded altar of an unknown god.
  1301 | D:2      | Noticed Jessica
  1309 | D:2      | Killed Jessica
  1310 | D:2      | Reached skill level 4 in Axes
  1310 | D:2      | Reached XP level 4. HP: 35/35 MP: 4/4
  1792 | D:2      | Noticed Sigmund
  1804 | D:2      | Killed Sigmund
  1805 | D:2      | Reached skill level 5 in Axes
  1805 | D:2      | Reached XP level 5. HP: 22/41 MP: 5/5
  2124 | D:3      | Gained mutation: You are partially covered in sharp spines.
                  | [demonic ancestry]
  2124 | D:3      | Reached XP level 6. HP: 47/47 MP: 6/6
  2175 | D:3      | Found a basalt altar of Yredelemnul.
  2525 | D:4      | Reached skill level 6 in Axes
  2638 | D:4      | Reached skill level 7 in Axes
  2656 | D:4      | Gained mutation: You have a pair of small horns on your
                  | head. [demonic ancestry]
  2656 | D:4      | Reached XP level 7. HP: 40/52 MP: 7/7
  2766 | D:4      | Found a staircase to the Ecumenical Temple.
  2772 | Temple   | Entered the Ecumenical Temple
  3227 | D:4      | Found a broken altar of Ashenzari.
  3243 | D:4      | Found a burning altar of Makhleb.
  3349 | D:5      | Entered Level 5 of the Dungeon
  3364 | D:5      | Reached skill level 8 in Axes
  3649 | D:5      | Reached XP level 8. HP: 58/58 MP: 8/8
  3722 | D:5      | Found a hide-covered altar of Uskayaw.
  3722 | D:5      | Found a blossoming altar of Fedhas.
  3722 | D:5      | Found a sparkling altar of Nemelex Xobeh.
  4027 | D:6      | Reached skill level 9 in Axes
  4318 | D:6      | Noticed Duvessa
  4318 | D:6      | Noticed Dowan
  4324 | D:6      | Reached skill level 10 in Axes
  4328 | D:6      | Killed Duvessa
  4337 | D:6      | Killed Dowan
  5196 | D:7      | Reached skill level 11 in Axes
  5196 | D:7      | Reached XP level 9. HP: 62/63 MP: 9/9
  5394 | D:7      | Found a flagged portal.
  5420 | Bailey   | Entered a bailey
  5553 | Bailey   | Reached skill level 1 in Evocations
  5559 | Bailey   | Reached skill level 12 in Axes
  5687 | Bailey   | Noticed an orc warlord
  5687 | Bailey   | Noticed an orc knight
  5710 | Bailey   | Killed an orc warlord
  5711 | Bailey   | Reached skill level 13 in Axes
  5711 | Bailey   | Gained mutation: You have a pair of horns on your head.
                  | [demonic ancestry]
  5711 | Bailey   | Reached XP level 10. HP: 40/70 MP: 10/10
  5714 | Bailey   | HP: 3/70 [orc knight (8)]
  5721 | Bailey   | HP: 2/70 [orc warrior (16)]
  5730 | Bailey   | Annihilated by an orc knight

Illustrated notes

Levels and vault maps discovered:
D:1:      mrwooster_arrival_arrow, layout_rooms,
          nicolae_concentric_dashed_squares_wild
D:2:      layout_loops_corners, basic_ecumenical_altar, uniq_sigmund,
          uniq_jessica
D:3:      layout_rooms, nicolae_yredelemnul_corpse_copse
D:4:      layout_rooms, grunt_temple_overflow_open,
          minmay_temple_entry_enclosed_plants
D:5:      layout_cave_pools, gammafunk_temple_overflow_claw
D:6:      layout_loops_ring, chequers_serial_rivers_micro_a,
          serial_bayou_pond_c, uniq_duvessa
D:7:      layout_cave_pods, nicolae_vehumet_altar_sigil, enter_bailey_4
Temple:   oiseaux_autumnal_temple
Bailey:   bailey_axe_minmay_hex_keep, bailey

Skill      XL: |  1  2  3  4  5  6  7  8  9 |
---------------+----------------------------+-----
Axes           | 2 3 4 5 7 8 11 13 | 13.4
Evocations     | 1 |  1.1
Fighting       | |  3.0
Armour         | |  2.6
Shields        | |  2.6

Action                   |  1- 3 |  4- 6 |  7- 9 | 10-12 || total
-------------------------+-------+-------+-------+-------++-------
Melee: War axe           |    93 |    78 |   272 |    17 ||   460
       Headbutt          |       |       |    49 |     1 ||    50
Evoke: Wand              |       |       |     4 |       ||     4
  Use: Potion            |       |     1 |     2 |     1 ||     4
       Scroll            |       |     1 |    10 |       ||    11
 Stab: Paralysed         |       |       |     7 |       ||     7
Armor: Scale mail        |     9 |       |       |       ||     9
       Chain mail        |    65 |    48 |    32 |       ||   145
       Plate armour      |       |       |    94 |     2 ||    96
Dodge: Dodged            |    23 |    26 |    43 |     1 ||    93
Block: Buckler           |    21 |    21 |    44 |     2 ||    88

Table legend: (Time is in decaauts)
 A = Elapsed time spent in this place.
 B = Non-inter-level travel time spent in this place.
 C = Inter-level travel time spent in this place.
 D = Time resting spent in this place.
 E = Time spent auto-exploring this place.
 F = Levels seen in this place.
 G = Mean time per level.
                   A        B        C        D        E       F      G
               +--------+--------+--------+--------+--------+-----+--------+
         Total |   5802 |   5630 |    172 |    245 |   3862 |   9 |  644.7 |
       Dungeon |   5193 |   5055 |    138 |    245 |   3592 |   7 |  741.9 |
        Temple |    316 |    282 |     34 |      0 |    270 |   1 |  316.0 |
        Bailey |    293 |    293 |      0 |      0 |      0 |   1 |  293.0 |
               +--------+--------+--------+--------+--------+-----+--------+

Top non-repeatable levels by time:
     D:2: 1161 daAuts
     D:6: 995 daAuts
     D:1: 935 daAuts
     D:5: 855 daAuts
     D:4: 535 daAuts
     D:3: 467 daAuts
  Temple: 316 daAuts
  Bailey: 293 daAuts
     D:7: 242 daAuts
